[Event "Early-Titled-Tuesday-Blitz-February-06-2024"]
[Site "Chess.com"]
[Date "2024.02.06"]
[Round "5"]
[White "Smiechu"]
[Black "ValiantCeleb"]
[Result "1-0"]
[WhiteElo "2427"]
[BlackElo "2257"]
[TimeControl "180+1"]
[EndTime "8:54:26 PST"]
[Termination "Smiechu won on time"]

1. e4 c5 2. Nf3 e6 3. d4 cxd4 4.
Nxd4 a6 5. Bd3 Bc5 6. Nb3 Ba7 7. O-O Nc6 8. Qe2 Nge7 9. Nc3 O-O 10. Be3 Bxe3 11.
Qxe3 d5 12. exd5 Nxd5 13. Nxd5 Qxd5 14. Rad1 Qh5 15. Be4 Ne5 16. h3 Rb8 17. Qc5 b6 18.
Qc7 Bd7 19. Rxd7 Nxd7 20. Qxd7 Qe5 21. Qd4 Qxd4 22. Nxd4 Rbd8 23. c3 e5 24. Nf3 f5 25.
Bb7 e4 26. Nd4 Rf6 27. Bxa6 g5 28. Bc4+ Kh8 29. b3 f4 30. Re1 Re8 31. a4 h5 32.
Bd5 e3 33. fxe3 fxe3 34. Bf3 Rh6 35. Nc2 Rc6 36. c4 Rce6 37. Bxh5 1-0

[Event "Early-Titled-Tuesday-Blitz-February-06-2024"]
[Site "Chess.com"]
[Date "2024.02.06"]
[Round "5"]
[White "Elsa167"]
[Black "MattyDPerrine"]
[Result "1-0"]
[WhiteElo "2868"]
[BlackElo "2507"]
[TimeControl "180+1"]
[EndTime "8:54:27 PST"]
[Termination "Elsa167 won by resignation"]

1. e4 c6 2. d4 d5 3. Nc3 dxe4 4. Nxe4 Bf5 5. Ng3 Bg6 6. h4 h6 7.
h5 Bh7 8. Nf3 e6 9. Bd3 Bxd3 10.
Qxd3 Nf6 11. Bd2 c5 12. O-O-O Nc6 13. Be3 cxd4 14. Nxd4 Nb4 15. Qb5+ Qd7 16. Nxe6 Qxb5 17. Nc7+ Ke7 18. Nxb5 Nfd5 19. Rhe1 f6 20. a3 1-0

[Event "Early-Titled-Tuesday-Blitz-February-06-2024"]
[Site "Chess.com"]
[Date "2024.02.06"]
[Round "5"]
[White "casparov00000"]
[Black "valeriocarnicelli"]
[Result "0-1"]
[WhiteElo "2327"]
[BlackElo "2539"]
[TimeControl "180+1"]
[EndTime "8:54:27 PST"]
[Termination "valeriocarnicelli won by resignation"]

1. e4 c5 2. c3 d5 3. exd5 Nf6 4. d4 Qxd5 5. Nf3 a6 6. Na3 e6 7. Nc4 Qd8 8. Bg5 b5 9. Nce5 Bb7 10. a4 cxd4 11.
Nxd4 Bd6 12. Ng4 b4 13. Bc4 Be7 14. Ne5 Bxg2 15. Rg1 Bd5 16. Qe2 O-O 17. Bh6 g6 18.
Bxf8 Bxf8 19. Rg3 bxc3 20. bxc3 Bg7 21. Rd1 Qc7 22. Bxd5 Nxd5 23. Nc4 Nc6 24. Qe4 Nxd4 25. Rxd4 Bxd4 26. Qxd4 Rd8 27. Rf3 Nb4 28. Qf4 Qxf4 29. Rxf4 Nd3+ 30. Ke2 Nxf4+ 31. Ke3 Nd5+ 32. Ke4 Nxc3+ 33.
Ke5 Nxa4 34. Nd6 Kf8 0-1

[Event "Early-Titled-Tuesday-Blitz-February-06-2024"]
[Site "Chess.com"]
[Date "2024.02.06"]
[Round "5"]
[White "adotand"]
[Black "wonderfultime"]
[Result "0-1"]
[WhiteElo "2893"]
[BlackElo "3051"]
[TimeControl "180+1"]
[EndTime "8:54:28 PST"]
[Termination "wonderfultime won by resignation"]

1. e4 e5 2. Nf3 Nc6 3. Bb5 a6 4.
Ba4 Bc5 5. c3 Nge7 6. O-O Ng6 7. d4 Ba7 8. Bg5 f6 9. Be3 O-O 10. Re1 Kh8 11. Nbd2 d6 12. h3 exd4 13. cxd4 Nce7 14. Nf1 c6 15. Bb3 d5 16. Ng3 Bb8 17. Bd2 a5 18. Qc2 Bxg3 19. fxg3 a4 20. Bxa4 dxe4 21.
Rxe4 Bf5 22. Bb3 Nd5 23. Rae1 Qd7 24. g4 Bxe4 25. Rxe4 Rae8 26. Rxe8 Rxe8 27. Qf5 Qxf5 28. gxf5 Ngf4 29. Kf1 Nd3 30. Ne1 Nxe1 31. Bxe1 Ne3+ 32. Kf2 Nxf5 33. Bc3 Rd8 34. d5 cxd5 35. g4 Ne7 36. Ke3 Nc6 37. Kd3 Kg8 38. a4 Kf7 39. a5 Ke6 40.
Ba2 Ra8 41. b4 b6 42. Bb1 bxa5 43. b5 Rb8 44. Kd2 Rxb5 45. Bxh7 Ne5 46. Bf5+ Kd6 47. h4 d4 48. Bxd4 Nf3+ 49. Kc3 Nxd4 50. Kxd4 a4 0-1

[Event "Early-Titled-Tuesday-Blitz-February-06-2024"]
[Site "Chess.com"]
[Date "2024.02.06"]
[Round "5"]
[White "ansko1999"]
[Black "ViIIagra"]
[Result "0-1"]
[WhiteElo "2680"]
[BlackElo "2960"]
[TimeControl "180+1"]
[EndTime "8:54:28 PST"]
[Termination "ViIIagra won by resignation"]

1. e4 c6 2. d4 d5 3. Nd2 g6 4. Ngf3 Bg7 5. Bd3 dxe4 6. Nxe4 Nf6 7. h3 O-O 8. O-O Nxe4 9. Bxe4 Be6 10. c3 Bd5 11. Bc2 Nd7 12. Bf4 c5 13. dxc5 Nxc5 14. Qe2 Ne6 15. Bh2 Qb6 16. Rab1 Bxa2 17. Ra1 Qxb2 18.
Be5 Rac8 19. Bxg7 Nxg7 20. Nd4 Bc4 21. Bd3 Qxe2 22. Bxe2 Bxe2 23. Nxe2 a6 24. Rab1 Rc7 25. Rfd1 Ne6 26. Rb6 Rd8 27. Rdb1 Rdd7 28. Kf1 Nc5 29. R1b4 Kf8 30. f3 e6 31. Kf2 Nd3+ 0-1

[Event "Early-Titled-Tuesday-Blitz-February-06-2024"]
[Site "Chess.com"]
[Date "2024.02.06"]
[Round "5"]
[White "Rurep26"]
[Black "tetrix83"]
[Result "0-1"]
[WhiteElo "2766"]
[BlackElo "2581"]
[TimeControl "180+1"]
[EndTime "8:54:29 PST"]
[Termination "tetrix83 won by resignation"]

1. d4 Nf6 2. Bf4 c5 3. e3 g6 4. Nc3 Bg7 5. h4 h5 6. Qd2 Qa5 7. Nf3 O-O 8. O-O-O d6 9. Kb1 Nc6 10. d5 Nb4 11. a3 Bf5 12. Rc1 Rfc8 13. Bd3 Nxd3 14.
cxd3 b5 15. e4 Bg4 16. Na2 Qb6 17. Bh6 Bh8 18. Be3 a5 19. Ne1 Bd7 20. f3 b4 21. Ka1 bxa3 22. Nc3 e6 23. dxe6 Bxe6 24. bxa3 Nd7 25. Rb1 Qb4 26. axb4 axb4+ 27. Kb2 bxc3+ 28. Qxc3 Ra2+ 0-1

[Event "Early-Titled-Tuesday-Blitz-February-06-2024"]
[Site "Chess.com"]
[Date "2024.02.06"]
[Round "5"]
[White "tusplingher"]
[Black "Mops_2004"]
[Result "0-1"]
[WhiteElo "2463"]
[BlackElo "2671"]
[TimeControl "180+1"]
[EndTime "8:54:29 PST"]
[Termination "Mops_2004 won on time"]

1. e4 c6 2. Nf3 d5 3. exd5 cxd5 4. Ne5 a6 5. d4 Nc6 6. Nxc6 bxc6 7. Bd3 Nf6 8. O-O Bg4 9. Be2 Bxe2 10. Qxe2 e6 11. Bf4 c5 12. dxc5 Bxc5 13. Nd2 O-O 14. Rad1 Qb6 15.
b3 a5 16. a4 h6 17. Be5 Be7 18. c4 Rfc8 19. Bxf6 Bxf6 20. cxd5 exd5 21. Qf3 Rc5 22. Nc4 Qb7 23. Na3 Rc3 24. Rd3 Qxb3 25. Rxc3 Qxc3 26. Qxd5 Rd8 27. Qa2 Rd2 28. Qc4 Qxa3 29. Qc8+ Qf8 30.
Qc6 Qd8 31. Qf3 Qd5 32. Qg4 h5 33. Qc8+ Kh7 34. Re1 g6 35. h4 Bxh4 36. Re7 Bxe7 0-1

[Event "Early-Titled-Tuesday-Blitz-February-06-2024"]
[Site "Chess.com"]
[Date "2024.02.06"]
[Round "5"]
[White "santosalberto1987"]
[Black "Witik"]
[Result "1-0"]
[WhiteElo "2582"]
[BlackElo "2773"]
[TimeControl "180+1"]
[EndTime "8:54:30 PST"]
[Termination "santosalberto1987 won on time"]

1. e4 c6 2. c4 d5 3. exd5 cxd5 4. cxd5 Nf6 5. Qa4+ Nbd7 6. Bc4 g6 7. Nc3 Bg7 8. Nf3 O-O 9. d3 a6 10. Qa3 b6 11. O-O Bb7 12. Re1 Re8 13. h3 b5 14. Bb3 Nb6 15. d6 Bxf3 16. gxf3 Bf8 17. Bg5 h6 18. dxe7 Rxe7 19. Bxf6 Rxe1+ 20. Rxe1 Qxf6 21. Qa5 Bc5 22. Ne4 Qe7 23. Nxc5 Qxc5 24. Qc3 Qg5+ 25. Kf1 Rd8 26. Qc7 Qf6 27. Bxf7+ Kh8 28. Re6 Qd4 29. Bxg6 1-0

[Event "Early-Titled-Tuesday-Blitz-February-06-2024"]
[Site "Chess.com"]
[Date "2024.02.06"]
[Round "5"]
[White "DarZay"]
[Black "Happy1712Drummer"]
[Result "1-0"]
[WhiteElo "2268"]
[BlackElo "2396"]
[TimeControl "180+1"]
[EndTime "8:54:32 PST"]
[Termination "DarZay won by checkmate"]

1. e4 c5 2. Nf3 e6 3. d4 cxd4 4. Nxd4 Nf6 5. Nc3 Nc6 6. Ndb5 Bc5 7. Nd6+ Ke7 8. Nxc8+ Rxc8 9. Bd3 a6 10. O-O Qc7 11. Bg5 h6 12. Bxf6+ gxf6 13. Qh5 Ba7 14. Kh1 Rhg8 15. f4 b5 16. Rae1 Rg6 17. Nd5+ exd5 18. exd5+ Kf8 19. Bxg6 fxg6 20. Qxh6+ Kf7 21. Qh7+ Kf8 22. dxc6 dxc6 23. Qxg6 Qg7 24. Qf5 Rc7 25. Re6 Kf7 26. Rfe1 Qh6 27. Qe4 Bc5 28. Rxc6 Rxc6 29. Qxc6 Bf2 30. Qe8+ Kg7 31. Re7# 1-0

[Event "Early-Titled-Tuesday-Blitz-February-06-2024"]
[Site "Chess.com"]
[Date "2024.02.06"]
[Round "5"]
[White "Aslanov_Umid"]
[Black "mitrabhaa"]
[Result "0-1"]
[WhiteElo "2674"]
[BlackElo "2911"]
[TimeControl "180+1"]
[EndTime "8:54:33 PST"]
[Termination "mitrabhaa won by resignation"]

1. e4 a6 2. Nf3 e6 3. d4 d5 4. exd5 exd5 5. Bd3 Bd6 6. h3 Ne7 7. O-O O-O 8. Re1 Nbc6 9. c4 dxc4 10. Bxc4 Bf5 11.
Nc3 Qd7 12. Bg5 Ng6 13. Ne4 Rae8 14. Nxd6 Qxd6 15. Qd2 Be4 16. Ne5 Ncxe5 17. dxe5 Qxe5 18. Bd3 Qf5 19. Rxe4 Rxe4 20. Qc2 Qxg5 21. Bxe4 c6 22. Qb3 Qe7 23. Bxg6 hxg6 24. Rd1 Re8 25. g3 Qc7 26. Rd3 c5 27. Qd5 b5 28. Kg2 c4 29. Rf3 Re6 30.
h4 Qe7 31. h5 gxh5 32. Qxh5 Qb7 33. Qf5 Rf6 34. Qg4 b4 0-1

[Event "Early-Titled-Tuesday-Blitz-February-06-2024"]
[Site "Chess.com"]
[Date "2024.02.06"]
[Round "5"]
[White "Savagelittlemole"]
[Black "kai_nov"]
[Result "1-0"]
[WhiteElo "2493"]
[BlackElo "2296"]
[TimeControl "180+1"]
[EndTime "8:54:34 PST"]
[Termination "Savagelittlemole won on time"]

1. e4 c5 2. Ne2 Nc6 3. g3 e6 4. Bg2 d5 5. exd5 exd5 6. d4 c4 7. O-O Nf6 8. b3 cxb3 9. axb3 Be6 10. Nf4 Qd7 11. Nxe6 fxe6 12. Re1 Bb4 13. c3 Bd6 14.
Bh3 Nd8 15. c4 dxc4 16. d5 O-O 17. dxe6 Qe7 18. bxc4 Nc6 19. Ba3 Bxa3 20. Nxa3 Rad8 21. Qa4 Nd4 22. Bg2 Nxe6 23. Nb5 a6 24. Nc3 Qf7 25. Nd5 Nxd5 26. cxd5 Qxf2+ 27. Kh1 Ng5 28. Rf1 Qe2 29. Rxf8+ Rxf8 30. Qb3 1-0

[Event "Early-Titled-Tuesday-Blitz-February-06-2024"]
[Site "Chess.com"]
[Date "2024.02.06"]
[Round "5"]
[White "sonicdravise"]
[Black "AccioChess"]
[Result "1-0"]
[WhiteElo "2620"]
[BlackElo "2443"]
[TimeControl "180+1"]
[EndTime "8:54:35 PST"]
[Termination "sonicdravise won on time"]

1. d4 Nf6 2. c4 c5 3. d5 b5 4.
cxb5 a6 5. bxa6 g6 6. Nc3 Bxa6 7.
Nf3 Bg7 8. g3 O-O 9. Bg2 d6 10.
Rb1 Nbd7 11. O-O Nb6 12. b3 Bb7 13. Nh4 Ra6 14. e4 Qa8 15. Bb2 Nfd7 16. Re1 Rc8 17. Bf1 c4 18. b4 Na4 19. Nxa4 Rxa4 20. Bxg7 Kxg7 21. Qd4+ Kg8 22. Bxc4 Ne5 23. Bb3 g5 24. Bxa4 Qxa4 25. f4 Rc4 26. Qb6 gxh4 27. fxe5 Bc8 28. Qd8+ Kg7 29. Qxe7 Qxa2 30. Rf1 1-0

[Event "Early-Titled-Tuesday-Blitz-February-06-2024"]
[Site "Chess.com"]
[Date "2024.02.06"]
[Round "5"]
[White "SargissyanSargis"]
[Black "Squirlolz"]
[Result "0-1"]
[WhiteElo "2404"]
[BlackElo "2568"]
[TimeControl "180+1"]
[EndTime "8:54:35 PST"]
[Termination "Squirlolz won on time"]

1. e4 d6 2. d4 Nf6 3. Nc3 c6 4. Bg5 Qb6 5. Qd2 Qxb2 6. Rb1 Qa3 7. Nf3 e6 8. Bd3 Be7 9. e5 dxe5 10. dxe5 Nd5 11.
Ne4 Bxg5 12. Qxg5 Qa5+ 13. Kf1 O-O 14. Rb5 Qd8 15. Qh5 cxb5 16. Nfg5 h6 17. g3 Nd7 18.
Nh7 Kxh7 19. Nf6+ Kh8 0-1

[Event "Early-Titled-Tuesday-Blitz-February-06-2024"]
[Site "Chess.com"]
[Date "2024.02.06"]
[Round "5"]
[White "BeautiFullMindChess"]
[Black "bennyficial"]
[Result "1-0"]
[WhiteElo "2279"]
[BlackElo "2117"]
[TimeControl "180+1"]
[EndTime "8:54:36 PST"]
[Termination "BeautiFullMindChess won by checkmate"]

1. e4 c5 2. c3 d5 3. exd5 Nf6 4.
d4 Nxd5 5. dxc5 e5 6. Bc4 Be6 7. Qb3 Nf4 8. Bxf4 Bxc4 9. Qxc4 exf4 10. Nd2 Nc6 11. O-O-O Qa5 12. Ne4 Be7 13. Nf3 O-O 14.
Rd7 Rac8 15. Rxb7 Kh8 16. Neg5 Bxg5 17. Nxg5 Ne5 18. Qe4 Ng6 19. Nxf7+ Kg8 20. Qe6 Rce8 21. Nh6+ Kh8 22. Qg8+ Rxg8 23. Nf7# 1-0

[Event "Early-Titled-Tuesday-Blitz-February-06-2024"]
[Site "Chess.com"]
[Date "2024.02.06"]
[Round "5"]
[White "snowlord"]
[Black "SahibSinghKnight"]
[Result "1-0"]
[WhiteElo "2868"]
[BlackElo "2652"]
[TimeControl "180+1"]
[EndTime "8:54:37 PST"]
[Termination "snowlord won by resignation"]

1. e4 e6 2. d4 d5 3. Bd3 dxe4 4.
Bxe4 Nf6 5. Bf3 Bd6 6. Nd2 O-O 7. Nc4 Nbd7 8. Ne2 e5 9. g3 Re8 10. O-O e4 11. Nxd6 cxd6 12. Bg2 b6 13. Re1 Bb7 14. a4 Rc8 15. Ra3 d5 16. a5 b5 17. a6 Ba8 18.
Bd2 Qb6 19. Bb4 Rc4 20. c3 e3 21. fxe3 Rxe3 22. Nf4 Rxe1+ 23. Qxe1 Rxb4 24. cxb4 Qxd4+ 25.
Qe3 Qxb4 26. Qxa7 Qe1+ 27. Bf1 Bc6 28. Qc7 Ne4 29. Rf3 g5 30. Nd3 Qd1 31. Rf5 Qc2 32. a7 1-0

[Event "Early-Titled-Tuesday-Blitz-February-06-2024"]
[Site "Chess.com"]
[Date "2024.02.06"]
[Round "5"]
[White "jacky72"]
[Black "WindWhistler11"]
[Result "1-0"]
[WhiteElo "2808"]
[BlackElo "2506"]
[TimeControl "180+1"]
[EndTime "8:54:37 PST"]
[Termination "jacky72 won by resignation"]

1. Nc3 e6 2. d4 Nf6 3. Bg5 d5 4. e3 Be7 5. f4 a6 6. Nf3 Nbd7 7.
Ne5 c5 8. Be2 b5 9. O-O Nxe5 10.
fxe5 Nd7 11. Bxe7 Qxe7 12. Qe1 O-O 13. Qg3 cxd4 14. exd4 Qb4 15. Rf4 Qxb2 16. Raf1 b4 17. Nd1 Qxc2 18. Bd3 Qd2 19. Nf2 f5 20. exf6 Rxf6 21.
Ng4 Rxf4 22. Rxf4 Bb7 23. Nh6+ Kh8 24. Nf7+ Kg8 25. Bxh7+ Kf8 26. Nd8+ Ke7 27. Nxb7 Qd1+ 28. Rf1 Qxd4+ 29. Kh1 Nf6 30. Qxg7+ 1-0

[Event "Early-Titled-Tuesday-Blitz-February-06-2024"]
[Site "Chess.com"]
[Date "2024.02.06"]
[Round "5"]
[White "microbear"]
[Black "emeli_chess"]
[Result "1-0"]
[WhiteElo "2293"]
[BlackElo "2422"]
[TimeControl "180+1"]
[EndTime "8:54:37 PST"]
[Termination "microbear won by resignation"]

1. e4 c5 2. Nf3 d6 3. d4 cxd4 4.
Nxd4 Nf6 5. Nc3 a6 6. h3 e6 7.
Be3 b5 8. a3 Bb7 9. Bd3 Nbd7 10. O-O Nc5 11. f3 Be7 12. Nb3 Qc7 13. Nxc5 dxc5 14.
Qe1 O-O 15. Rd1 b4 16. axb4 cxb4 17. Na4 Bc6 18. Nb6 Rab8 19. Qf2 Bb5 20. Bxb5 axb5 21. Rd2 Rfd8 22. Rfd1 Rxd2 23. Rxd2 Bd8 24. g4 Rxb6 25.
Rxd8+ Qxd8 26. Bxb6 Qd1+ 27. Kg2 h6 28. Bc5 b3 29.
cxb3 Qxb3 30. Bd4 Nd7 31. Qe3 e5 32. Qxb3 exd4 33. Qxb5 1-0

[Event "Early-Titled-Tuesday-Blitz-February-06-2024"]
[Site "Chess.com"]
[Date "2024.02.06"]
[Round "5"]
[White "InitiatingASC"]
[Black "WiktoriaPOL"]
[Result "1-0"]
[WhiteElo "2421"]
[BlackElo "2262"]
[TimeControl "180+1"]
[EndTime "8:54:37 PST"]
[Termination "InitiatingASC won on time"]

1. e4 c5 2. Nf3 d6 3. Bb5+ Nd7 4.
O-O Nf6 5. Re1 a6 6. Bf1 e5 7. a4 g6 8. Na3 Bg7 9. Nc4 Qc7 10. a5 O-O 11. d3 d5 12. exd5 Nxd5 13. g3 b5 14.
axb6 N5xb6 15. Nxb6 Nxb6 16. Bg2 Bb7 17. Bd2 Rad8 18.
Ba5 e4 19. Nd2 exd3 20. Nc4 Bxg2 21. Bxb6 Qc6 22. Bxd8 Rxd8 23. cxd3 Bh1 24. Ne3 Bxb2 25. Rxa6 Qxa6 26. Kxh1 Qxd3 27. Qg4 h5 28. Qf4 Rd4 29.
Qb8+ Kh7 30. Qxb2 Qe4+ 31. Kg1 c4 32. Nc2 1-0

[Event "Early-Titled-Tuesday-Blitz-February-06-2024"]
[Site "Chess.com"]
[Date "2024.02.06"]
[Round "5"]
[White "Predo63"]
[Black "eagleclaw07"]
[Result "1-0"]
[WhiteElo "2520"]
[BlackElo "2757"]
[TimeControl "180+1"]
[EndTime "8:54:38 PST"]
[Termination "Predo63 won by resignation"]

1. d4 d5 2. Bf4 Nf6 3. e3 e6 4. Nd2 Bd6 5. Bg3 O-O 6. Ngf3 c5 7. c3 Nc6 8. Be2 Re8 9. O-O e5 10. dxe5 Nxe5 11. Nxe5 Bxe5 12. Nf3 Bxg3 13. hxg3 h6 14. Qa4 Bd7 15. Qb3 Bc6 16. Rad1 Qb6 17. Qxb6 axb6 18. a3 g5 19. Rc1 Kg7 20. Rfd1 Ba4 21. Re1 Rad8 22.
Bd3 Ne4 23. Bc2 Bc6 24. Red1 f5 25. Kf1 Kf6 26. Ke1 f4 27. gxf4 gxf4 28. Bxe4 dxe4 29. Rxd8 Rxd8 30. Ng1 f3 31. g3 Ba4 32. Nh3 c4 33.
Nf4 Kf5 34. Nh5 Bb3 35. Ng7+ Ke5 36. Nh5 Rd6 37. Nf4 Kf5 38. Nh5 Kg4 39. Nf4 h5 40. Ra1 b5 41. Rc1 h4 42. gxh4 Kxh4 43.
Ra1 Kg4 44. Rc1 Kf5 45. Nh5 Ke5 46. Ng3 Kd5 47. Nf5 Rg6 48. Ne7+ 1-0

[Event "Early-Titled-Tuesday-Blitz-February-06-2024"]
[Site "Chess.com"]
[Date "2024.02.06"]
[Round "5"]
[White "Statham_01"]
[Black "tsaruk_maks"]
[Result "1-0"]
[WhiteElo "2557"]
[BlackElo "2748"]
[TimeControl "180+1"]
[EndTime "8:54:39 PST"]
[Termination "Statham_01 won by resignation"]

1. e4 e6 2. d4 d5 3. Nc3 dxe4 4. Nxe4 Bd7 5. Nf3 Bc6 6. Bd3 Nd7 7. Qe2 Ngf6 8. Bg5 Be7 9. Bxf6 Nxf6 10. O-O-O Bxe4 11. Bxe4 c6 12. Kb1 O-O 13. Bd3 a5 14. h4 a4 15. a3 Qb6 16. Ka1 c5 17. g4 cxd4 18.
g5 Nh5 19. Ne5 g6 20. Nd7 Qc7 21. Nxf8 Rxf8 22. Qe4 Bc5 23. Be2 Nf4 24. h5 Rd8 25.
hxg6 hxg6 26. Rh4 Nxe2 27. Qxe2 Kf8 28. Qf3 Be7 29. Rh8+ Kg7 30. Rh7+ 1-0

[Event "Early-Titled-Tuesday-Blitz-February-06-2024"]
[Site "Chess.com"]
[Date "2024.02.06"]
[Round "5"]
[White "ccccvhhhj"]
[Black "GlavkonVVS"]
[Result "0-1"]
[WhiteElo "2444"]
[BlackElo "2613"]
[TimeControl "180+1"]
[EndTime "8:54:39 PST"]
[Termination "GlavkonVVS won by resignation"]

1. d4 Nf6 2. Bg5 c5 3. d5 Qb6 4. Nc3 Qxb2 5. Bd2 Qb6 6. e4 d6 7.
f4 g6 8. Nf3 Bg7 9. Rb1 Qd8 10.
Bb5+ Nfd7 11. e5 O-O 12. O-O dxe5 13. fxe5 Nxe5 14. Bf4 Nbd7 15. Ne4 Nxf3+ 16. Qxf3 a6 17. Bd3 b5 18. d6 Bb7 19. dxe7 Qxe7 20. Bd6 Qxd6 21.
Nxd6 Bxf3 22. Rxf3 c4 23. Be4 Ne5 24. Bxa8 Rxa8 25.
Re3 Rd8 26. Rd1 Ng4 27. Ree1 Be5 28. Ne4 Bxh2+ 29. Kf1 Rxd1 30. Rxd1 Ne3+ 31. Ke2 Nxd1 32. Kxd1 Kf8 33. Nf6 h5 34. Ke2 Ke7 35. Nd5+ Kd6 36. Ne3 Bf4 37. Nd1 Kc5 38. Kf3 Be5 39. Ke4 Bg7 40. Ne3 f5+ 41. Kf4 Bh6+ 0-1

[Event "Early-Titled-Tuesday-Blitz-February-06-2024"]
[Site "Chess.com"]
[Date "2024.02.06"]
[Round "5"]
[White "BestestBP"]
[Black "boguszp"]
[Result "0-1"]
[WhiteElo "2241"]
[BlackElo "2087"]
[TimeControl "180+1"]
[EndTime "8:54:39 PST"]
[Termination "boguszp won on time"]

1. e4 c6 2. e5 d5 3. exd6 exd6 4. d4 d5 5. Nf3 Bd6 6. Bd3 Bg4 7. h3 Bh5 8. Qe2+ Qe7 9. Qxe7+ Nxe7 10. Ne5 Nd7 11.
Nxd7 Kxd7 12. f4 f5 13. Kf2 Rhf8 14. Nd2 Bxf4 15. Nf3 Bd6 16. c4 Bxf3 17. Kxf3 dxc4 18. Bxc4 Nd5 19. Bd2 Rae8 20. Rhe1 h6 21. Bd3 g5 22. Rxe8 Kxe8 23. Re1+ Kd7 24. a3 Ne7 25. b4 Nd5 26.
Bc4 Nf4 27. b5 Re8 28. Rxe8 Kxe8 29. bxc6 bxc6 30. a4 Kd7 31. h4 Bc7 32. hxg5 hxg5 33.
g3 g4+ 34. Kf2 Ne6 35. Bd3 Nxd4 36. Bc3 Bb6 37. Kf1 Ke6 0-1

[Event "Early-Titled-Tuesday-Blitz-February-06-2024"]
[Site "Chess.com"]
[Date "2024.02.06"]
[Round "5"]
[White "GHANDEEVAM2003"]
[Black "Anton_Demchenko"]
[Result "1-0"]
[WhiteElo "3027"]
[BlackElo "2889"]
[TimeControl "180+1"]
[EndTime "8:54:40 PST"]
[Termination "GHANDEEVAM2003 won by resignation"]

1. Nf3 Nf6 2. b3 g6 3. Bb2 Bg7 4. g3 O-O 5. Bg2 d6 6. O-O e5 7. c4 a5 8. Nc3 Re8 9. d4 Nbd7 10. Qc2 c6 11. e4 exd4 12. Nxd4 Nc5 13. Rad1 Qb6 14. a3 Nfd7 15. Nce2 Nf6 16. Nc3 h5 17. Kh1 h4 18. gxh4 Qd8 19. Bf3 Nfd7 20. h5 Qh4 21.
Rg1 Ne5 22. hxg6 fxg6 23. Rg3 g5 24. Rdg1 g4 25. Be2 Kf7 26. f4 Rh8 27. R1g2 Ng6 28. Qd2 Bh6 29. Rf2 Qxg3 30. hxg3 Bg7+ 31. Kg2 1-0

[Event "Early-Titled-Tuesday-Blitz-February-06-2024"]
[Site "Chess.com"]
[Date "2024.02.06"]
[Round "5"]
[White "Flameboard08"]
[Black "CSB7"]
[Result "1-0"]
[WhiteElo "2575"]
[BlackElo "2737"]
[TimeControl "180+1"]
[EndTime "8:54:40 PST"]
[Termination "Flameboard08 won by resignation"]

1. f4 Nh6 2. Nf3 g6 3. g3 Bg7 4. Bg2 d5 5. d3 O-O 6. O-O d4 7. Nbd2 Nc6 8. Nb3 Nf5 9. Bd2 e5 10. fxe5 Nxe5 11. Nxe5 Bxe5 12. Nc5 c6 13. Ne4 Ne3 14. Bxe3 dxe3 15. c3 f5 16. Nc5 f4 17.
Qb3+ Kh8 18. Ne6 Bxe6 19. Qxe6 Re8 20. Qg4 fxg3 21. hxg3 Qc7 22. Rf3 Re7 23. Raf1 Bg7 24. Rf4 Rae8 25. Be4 Qb6 26. Bxg6 Rg8 27. Bxh7 Kxh7 28.
Qf5+ Kh8 29. Rh4+ 1-0

[Event "Early-Titled-Tuesday-Blitz-February-06-2024"]
[Site "Chess.com"]
[Date "2024.02.06"]
[Round "5"]
[White "Casper"]
[Black "PedroGil25"]
[Result "1-0"]
[WhiteElo "2520"]
[BlackElo "2395"]
[TimeControl "180+1"]
[EndTime "8:54:41 PST"]
[Termination "Casper won by resignation"]

1. Nf3 c5 2. e4 e6 3. b3 Nc6 4.
Bb2 d6 5. Bb5 Ne7 6. O-O a6 7.
Bxc6+ Nxc6 8. d4 cxd4 9. Nxd4 Bd7 10. c4 Rc8 11. f3 Nxd4 12. Bxd4 Bc6 13. Nc3 Qa5 14.
a3 Qh5 15. Nd5 Bxd5 16. exd5 e5 17. Bb6 Be7 18. f4 Qxd1 19. Raxd1 exf4 20. Rxf4 O-O 21.
Re4 Bf6 22. Kf2 Rfe8 23. Rde1 Rxe4 24. Rxe4 g6 25. b4 Be5 26. c5 f5 27. Rxe5 dxe5 28. d6 Kf7 29. d7 1-0

[Event "Early-Titled-Tuesday-Blitz-February-06-2024"]
[Site "Chess.com"]
[Date "2024.02.06"]
[Round "5"]
[White "VomDingJetztHer"]
[Black "erugee"]
[Result "0-1"]
[WhiteElo "2476"]
[BlackElo "2343"]
[TimeControl "180+1"]
[EndTime "8:54:41 PST"]
[Termination "erugee won by resignation"]

1. d4 d5 2. Nf3 e6 3. e3 f5 4. c4 c6 5. Nbd2 Nf6 6. b3 Be7 7. Bb2 O-O 8. Be2 Bd7 9. Ne5 Be8 10. Qc2 Nbd7 11. Ndf3 Ne4 12. O-O Bh5 13. a4 Nxe5 14. Nxe5 Bxe2 15. Qxe2 Rc8 16. c5 Qe8 17. f4 g5 18. Nd3 Qg6 19. Kh1 Qh6 20. Kg1 Rf7 21.
Nf2 gxf4 22. Nxe4 fxe4 23. Qg4+ Kh8 24. Rxf4 Rg8 25. Qe2 Rxf4 26. exf4 Qxf4 27. Rf1 Qg4 28. Qxg4 Rxg4 29. Bc1 Kg8 30. Be3 Kg7 31. g3 h5 32.
Kg2 Rg6 33. Kh3 Rf6 34. Bf4 Kg6 35. Re1 Rf5 36. Kg2 Bf6 37. Be3 Rf3 38. Re2 Bg5 39.
Bxg5 Kxg5 40. Rb2 Rd3 41. b4 Rxd4 42. b5 Rxa4 43. bxc6 bxc6 44. Rb7 Rc4 45. Rxa7 Rc2+ 46. Kh3 Rxc5 47. Rg7+ Kf6 48. Rh7 e3 49. Kg2 d4 50.
Kf3 Rf5+ 51. Ke2 Rf2+ 52. Kd3 e2 53. Kd2 d3 54. Rf7+ Kxf7 0-1

[Event "Early-Titled-Tuesday-Blitz-February-06-2024"]
[Site "Chess.com"]
[Date "2024.02.06"]
[Round "5"]
[White "carloseduar100"]
[Black "HATilay"]
[Result "0-1"]
[WhiteElo "2306"]
[BlackElo "2513"]
[TimeControl "180+1"]
[EndTime "8:54:41 PST"]
[Termination "HATilay won by resignation"]

1. e4 c5 2. Nf3 d6 3. g3 Nf6 4.
Bg2 g6 5. O-O Bg7 6. d3 O-O 7.
Nc3 Nc6 8. Bg5 Rb8 9. a4 a6 10. Qd2 b5 11. axb5 axb5 12. Bh6 b4 13. Ne2 Bxh6 14. Qxh6 Ng4 15. Qh4 e5 16. h3 Qxh4 17. Nxh4 Nf6 18. f4 Nd7 19. b3 Bb7 20. Nf3 Ra8 21.
fxe5 dxe5 22. g4 Nd4 23. Nexd4 cxd4 24. Nd2 Nb6 25. Nc4 Nxc4 26. bxc4 Bc6 27. Rxa8 Rxa8 28. Rb1 Rb8 29. Kf2 Kf8 30. g5 Ke7 31. h4 Kd6 32. Ke2 Kc5 33. Kd2 Ra8 34. Rf1 Be8 35. Bf3 Ra2 36. Rb1 Ba4 37. Kc1 Rxc2+ 38. Kd1 Rf2+ 39.
Ke1 Rxf3 40. Ke2 Re3+ 41. Kd2 b3 42. Ra1 Kb4 43. Rf1 Rh3 44. Rxf7 Rh2+ 45. Kd1 b2+ 0-1

[Event "Early-Titled-Tuesday-Blitz-February-06-2024"]
[Site "Chess.com"]
[Date "2024.02.06"]
[Round "5"]
[White "ljuks68"]
[Black "arnash_bauyrzhan"]
[Result "1-0"]
[WhiteElo "2416"]
[BlackElo "2255"]
[TimeControl "180+1"]
[EndTime "8:54:41 PST"]
[Termination "ljuks68 won by resignation"]

1. e4 c5 2. Nf3 e6 3. d4 cxd4 4.
Nxd4 a6 5. Bd3 Nf6 6. O-O Qc7 7. Qe2 d6 8. c4 Be7 9. Nc3 Nc6 10. Nxc6 bxc6 11. Be3 e5 12. f3 O-O 13. Na4 Be6 14. Rac1 Qb7 15. b3 d5 16. cxd5 cxd5 17. Nb6 Rad8 18.
Bxa6 Qb8 19. exd5 Nxd5 20. Nxd5 Bxd5 21. Bc4 Qa8 22. Bxd5 Rxd5 23. Rfd1 Rfd8 24. Rxd5 Qxd5 25. Qc4 f5 26. Rd1 Qxc4 27. Rxd8+ Bxd8 28. bxc4 Kf7 29. Kf2 Ke6 30. Ke2 Ba5 31. Kd3 h6 32. a4 g5 33. Bd2 Bd8 34. a5 h5 35. a6 Bb6 36.
Be3 e4+ 37. fxe4 fxe4+ 38. Kxe4 1-0